TOP OF THE 1ST |
Menlo Maniacs batting - Pitching for Culver City Extras : RHP Javier Toledo
|
Pitching: RHP Javier Toledo
|
|
Batting: LHB Warren Potter
|
0-0: Called Strike 0-1: Foul Ball, location: 2F 0-2: Ball 1-2: Ground out 6-3 (Groundball, 6)
|
Batting: LHB Glen Martin
|
0-0: Ball 1-0: Ball 2-0: Foul Ball, location: 2F 2-1: Ball 3-1: Ground out 4-3 (Groundball, 4)
|
Batting: LHB Vincente Sáenz
|
0-0: Ball 1-0: Swinging Strike 1-1: Swinging Strike 1-2: Foul Ball, location: 2F 1-2: Foul Ball, location: 2F 1-2: Strikes out swinging
|
Top of the 1st over - 0 run(s), 0 hit(s), 0 error(s), 0 left on base; Menlo 0 - Culver City 0 |
BOTTOM OF THE 1ST |
Culver City Extras batting - Pitching for Menlo Maniacs : RHP Júlio Juárez
|
Pitching: RHP Júlio Juárez
|
|
Batting: LHB Alan Olson
|
0-0: Fly out, F8 (Line Drive, 8LS)
|
Batting: RHB Sergio Pujols
|
0-0: Ball 1-0: Foul Ball, location: 2F 1-1: Ball 2-1: Foul Ball, location: 2F 2-2: Strikes out swinging
|
Batting: LHB Jason Lambert
|
0-0: Fly out, F4 (Popup, 13)
|
Bottom of the 1st over - 0 run(s), 0 hit(s), 0 error(s), 0 left on base; Menlo 0 - Culver City 0 |
TOP OF THE 2ND |
Menlo Maniacs batting - Pitching for Culver City Extras : RHP Javier Toledo
|
Batting: RHB Daryl Floyd
|
0-0: Ground out 5-3 (Groundball, 56S)
|
Batting: LHB Roger Moore
|
0-0: Fly out, F8 (Flyball, 8RXD)
|
Batting: RHB Tom Meyer
|
0-0: Fly out, F8 (Flyball, 8RM)
|
Top of the 2nd over - 0 run(s), 0 hit(s), 0 error(s), 0 left on base; Menlo 0 - Culver City 0 |
BOTTOM OF THE 2ND |
Culver City Extras batting - Pitching for Menlo Maniacs : RHP Júlio Juárez
|
Batting: RHB Ricardo Cabrera
|
0-0: Called Strike 0-1: Called Strike 0-2: DOUBLE (Flyball, 7LM)
|
Batting: RHB Salvador Medine
|
0-0: Ball 1-0: Foul Ball, location: 2F 1-1: Swinging Strike 1-2: Foul Ball, location: 2F 1-2: Ball 2-2: Ball 3-2: Strikes out looking
|
Batting: RHB Bob Magee
|
0-0: Ball 1-0: Foul Ball, location: 2F 1-1: Ball 2-1: Fly out, F9 (Flyball, 9LM)
|
Batting: RHB Armando Pagán
|
0-0: Called Strike 0-1: Foul Ball, location: 2F 0-2: Ball 1-2: Strikes out swinging
|
Bottom of the 2nd over - 0 run(s), 1 hit(s), 0 error(s), 1 left on base; Menlo 0 - Culver City 0 |
TOP OF THE 3RD |
Menlo Maniacs batting - Pitching for Culver City Extras : RHP Javier Toledo
|
Batting: LHB Héctor Flores
|
0-0: Ball 1-0: Ball 2-0: Ball 3-0: Called Strike 3-1: Base on Balls
|
Batting: RHB Yasuhiko Sumita
|
0-0: Ball 1-0: Called Strike 1-1: Ball 2-1: Ball 3-1: Foul Ball, location: 2F 3-2: Foul Ball, location: 2F 3-2: SINGLE (Groundball, 5D) Héctor Flores to second
|
Batting: RHB Jesús Cuevas
|
0-0: Grounds into double play, 4-6-3 (Groundball, 4) Héctor Flores to third
|
Batting: LHB Warren Potter
|
0-0: SINGLE (Line Drive, 9LS) Héctor Flores scores
|
Batting: LHB Glen Martin
|
0-0: Called Strike Warren Potter is caught stealing 2nd base
|
Top of the 3rd over - 1 run(s), 2 hit(s), 0 error(s), 0 left on base; Menlo 1 - Culver City 0 |
BOTTOM OF THE 3RD |
Culver City Extras batting - Pitching for Menlo Maniacs : RHP Júlio Juárez
|
Batting: RHB Enrique Flores
|
0-0: Ball 1-0: Called Strike 1-1: Fly out, F4 (Popup, 4)
|
Batting: RHB Artie Pennington
|
0-0: Ball 1-0: Foul Ball, location: 2F 1-1: Ball 2-1: Foul Ball, location: 2F 2-2: Foul Ball, location: 2F 2-2: Ball 3-2: Fly out, F3 (Popup, 3F)
|
Batting: LHB Alan Olson
|
0-0: Foul Ball, location: 2F 0-1: Swinging Strike 0-2: Strikes out swinging
|
Bottom of the 3rd over - 0 run(s), 0 hit(s), 0 error(s), 0 left on base; Menlo 1 - Culver City 0 |
TOP OF THE 4TH |
Menlo Maniacs batting - Pitching for Culver City Extras : RHP Javier Toledo
|
Batting: LHB Glen Martin
|
0-0: Called Strike 0-1: Ball 1-1: Foul Ball, location: 2F 1-2: Strikes out swinging
|
Batting: LHB Vincente Sáenz
|
0-0: Ground out 4-3 (Groundball, 34)
|
Batting: RHB Daryl Floyd
|
0-0: Called Strike 0-1: Ball 1-1: Foul Ball, location: 2F 1-2: Ball 2-2: Foul Ball, location: 2F 2-2: Ball 3-2: Foul Ball, location: 2F 3-2: Ground out 5-3 (Groundball, 56)
|
Top of the 4th over - 0 run(s), 0 hit(s), 0 error(s), 0 left on base; Menlo 1 - Culver City 0 |
BOTTOM OF THE 4TH |
Culver City Extras batting - Pitching for Menlo Maniacs : RHP Júlio Juárez
|
Batting: RHB Sergio Pujols
|
0-0: Ball 1-0: Ball 2-0: Called Strike 2-1: DOUBLE (Line Drive, 5D)
|
Batting: LHB Jason Lambert
|
0-0: Called Strike 0-1: Reached on error, E6 (Groundball, 6M) Sergio Pujols scores
|
Batting: RHB Ricardo Cabrera
|
0-0: Fly out, F8 (Flyball, 8LD) Runner from 2nd tags up, SAFE at 3rd, no throw
|
Batting: RHB Salvador Medine
|
0-0: Called Strike 0-1: Called Strike 0-2: Strikes out swinging
|
Batting: RHB Bob Magee
|
0-0: Called Strike 0-1: Called Strike 0-2: Strikes out swinging
|
Bottom of the 4th over - 1 run(s), 1 hit(s), 1 error(s), 1 left on base; Menlo 1 - Culver City 1 |
TOP OF THE 5TH |
Menlo Maniacs batting - Pitching for Culver City Extras : RHP Javier Toledo
|
Batting: LHB Roger Moore
|
0-0: Swinging Strike 0-1: Swinging Strike 0-2: Ball 1-2: Ball 2-2: Strikes out looking
|
Batting: RHB Tom Meyer
|
0-0: Ground out 5-3 (Groundball, 56S)
|
Batting: LHB Héctor Flores
|
0-0: Called Strike 0-1: Ball 1-1: Called Strike 1-2: Ground out 6-3 (Groundball, 6M)
|
Top of the 5th over - 0 run(s), 0 hit(s), 0 error(s), 0 left on base; Menlo 1 - Culver City 1 |
BOTTOM OF THE 5TH |
Culver City Extras batting - Pitching for Menlo Maniacs : RHP Júlio Juárez
|
Batting: RHB Armando Pagán
|
0-0: Ball 1-0: Ball 2-0: Called Strike 2-1: Ball 3-1: Base on Balls
|
Batting: RHB Enrique Flores
|
0-0: Called Strike 0-1: Foul Ball, location: 2F 0-2: Foul Ball, location: 2F 0-2: Ball 1-2: Strikes out swinging
|
Batting: RHB Artie Pennington
|
0-0: Grounds into double play, 6-4-3 (Groundball, 6)
|
Bottom of the 5th over - 0 run(s), 0 hit(s), 0 error(s), 0 left on base; Menlo 1 - Culver City 1 |
TOP OF THE 6TH |
Menlo Maniacs batting - Pitching for Culver City Extras : RHP Javier Toledo
|
Batting: RHB Yasuhiko Sumita
|
0-0: Ball 1-0: Called Strike 1-1: Foul Ball, location: 2F 1-2: Ball 2-2: Fly out, F9 (Flyball, 9M)
|
Batting: RHB Jesús Cuevas
|
0-0: Ground out 6-3 (Groundball, 6M)
|
Batting: LHB Warren Potter
|
0-0: Ball 1-0: Called Strike 1-1: Called Strike 1-2: Foul Ball, location: 2F 1-2: Fly out, F7 (Flyball, 7S)
|
Top of the 6th over - 0 run(s), 0 hit(s), 0 error(s), 0 left on base; Menlo 1 - Culver City 1 |
BOTTOM OF THE 6TH |
Culver City Extras batting - Pitching for Menlo Maniacs : RHP Júlio Juárez
|
Batting: LHB Alan Olson
|
0-0: Swinging Strike 0-1: Swinging Strike 0-2: Strikes out swinging
|
Batting: RHB Sergio Pujols
|
0-0: Called Strike 0-1: Fly out, F9 (Line Drive, 9S)
|
Batting: LHB Jason Lambert
|
0-0: Swinging Strike 0-1: Ball 1-1: Ball 2-1: Ball 3-1: Foul Ball, location: 2F 3-2: Base on Balls
|
Batting: RHB Ricardo Cabrera
|
0-0: Called Strike 0-1: Ball 1-1: Fly out, F6 (Popup, 15)
|
Bottom of the 6th over - 0 run(s), 0 hit(s), 0 error(s), 1 left on base; Menlo 1 - Culver City 1 |
TOP OF THE 7TH |
Menlo Maniacs batting - Pitching for Culver City Extras : RHP Javier Toledo
|
Batting: LHB Glen Martin
|
0-0: Foul Ball, location: 2F 0-1: Ball 1-1: Ball 2-1: Foul Ball, location: 2F 2-2: Strikes out swinging
|
Batting: LHB Vincente Sáenz
|
0-0: Ball 1-0: Called Strike 1-1: Fly out, F8 (Flyball, 89XD)
|
Batting: RHB Daryl Floyd
|
0-0: Foul Ball, location: 2F 0-1: Ground out 1-3 (Groundball, 13)
|
Top of the 7th over - 0 run(s), 0 hit(s), 0 error(s), 0 left on base; Menlo 1 - Culver City 1 |
BOTTOM OF THE 7TH |
Culver City Extras batting - Pitching for Menlo Maniacs : RHP Júlio Juárez
|
Batting: RHB Salvador Medine
|
0-0: Ball 1-0: Fly out, F4 (Popup, 3)
|
Pinch Hitting: RHB Mario López
|
0-0: Called Strike 0-1: Foul Ball, location: 2F 0-2: Ball 1-2: Ball 2-2: Ball 3-2: Base on Balls
|
Pinch Hitting: LHB Stan Bates
|
0-0: Called Strike 0-1: Called Strike 0-2: Ball 1-2: Ball 2-2: Strikes out looking
|
Batting: RHB Enrique Flores
|
0-0: Ball Mario López is caught stealing 2nd base
|
Bottom of the 7th over - 0 run(s), 0 hit(s), 0 error(s), 0 left on base; Menlo 1 - Culver City 1 |
TOP OF THE 8TH |
Menlo Maniacs batting - Pitching for Culver City Extras : RHP Javier Toledo
|
Now at 1B: Stan Bates
|
|
Now in LF: Oscar Rudd
|
|
Batting: LHB Roger Moore
|
0-0: Ball 1-0: Ball 2-0: Called Strike 2-1: Ball 3-1: Fly out, F6 (Popup, 6M)
|
Batting: RHB Tom Meyer
|
0-0: Foul Ball, location: 2F 0-1: Ball 1-1: Ball 2-1: Ground out 6-3 (Groundball, 6MS)
|
Batting: LHB Héctor Flores
|
0-0: Called Strike 0-1: Fly out, F9 (Flyball, 89M)
|
Top of the 8th over - 0 run(s), 0 hit(s), 0 error(s), 0 left on base; Menlo 1 - Culver City 1 |
BOTTOM OF THE 8TH |
Culver City Extras batting - Pitching for Menlo Maniacs : RHP Júlio Juárez
|
Pitching: LHP José Acosta
|
|
Batting: RHB Enrique Flores
|
0-0: Ball 1-0: Ball 2-0: Called Strike 2-1: Ball 3-1: Base on Balls
|
Pinch Hitting: RHB Francisco Rodríguez
|
0-0: Bunted foul 0-1: Bunted foul 0-2: Ball 1-2: Reached on error, E6 (Groundball, 6) Enrique Flores to second
|
Pinch Hitting: RHB Max Rash
|
0-0: Sac Bunt - play at first, batter OUT! 2-4 Enrique Flores to third Francisco Rodríguez to second
|
Pinch Hitting: RHB Marvin Workman
|
0-0: SINGLE (Groundball, 3L) Enrique Flores scores Francisco Rodríguez to third Runner from 3rd tries for Home, SAFE, no throw or cutoff
|
Batting: LHB Jason Lambert
|
0-0: Ball 1-0: Swinging Strike 1-1: Ball 2-1: Ball Wild Pitch! Marvin Workman to second 3-1: Intentional Walk
|
Batting: RHB Ricardo Cabrera
|
0-0: Ball 1-0: Ball Wild Pitch! Marvin Workman to third Jason Lambert to second 2-0: Ground out 5-3 (Groundball, 5S)
|
Batting: RHB Salvador Medine
|
0-0: Called Strike 0-1: Foul Ball, location: 2F 0-2: Strikes out swinging
|
Bottom of the 8th over - 2 run(s), 1 hit(s), 1 error(s), 2 left on base; Menlo 1 - Culver City 3 |
|